 Dungeon Crawl Stone Soup version 0.31-a0-214-gb37851dbb3 (webtiles) character file.

Game seed: 8331815023942309087

131 qw the Shooter (level 5, 0/30 HPs)
             Began as a Gargoyle Hexslinger on July 1, 2023.
             Slain by a goblin
             ... wielding a +0 club
             ... led by Robin
              (1 damage)
             ... on level 3 of the Dungeon.
             The game lasted 00:00:52 (2164 turns).

qw the Shooter (Gargoyle Hexslinger)                Turns: 2164, Time: 00:00:52

Health: 0/30       AC: 14    Str: 11    XL:     5   Next: 14%
Magic:  6/6        EV: 10    Int: 14    God:
Gold:   113        SH:  0    Dex: 14    Spells: 5/6 levels left

rFire   . . .        Y - +1 sling
rCold   . . .        (no shield)
rNeg    + . .        g - +0 ring mail
rPois   inf          (no helmet)
rElec   +            (no cloak)
rCorr   .            (no gloves)
SInv    .            i - +0 pair of boots
Will    .....        (no amulet)
Stlth   +            h - +4 ring of protection
HPRegen 0.25/turn    (no ring)
MPRegen 0.10/turn

%: no passive effects
@: no status effects
A: sickness immunity, AC +4, negative energy resistance 1, electricity
resistance, torment resistance 1, petrification resistance
a: no special abilities


You were on level 3 of the Dungeon.
You visited 1 branch of the dungeon, and saw 3 of its levels.

You collected 162 gold pieces.
You spent 49 gold pieces at shops.


Innate Abilities, Weirdness & Mutations

You are immune to sickness and miasma.
Your stone body is resilient. (AC +4)
You are immune to poison.
You resist negative energy. (rN+)
You are resistant to electric shocks. (rElec)
You are resistant to unholy torment.
You are immune to petrification.


   Skills:
 - Level 2.1 Fighting
 + Level 4.7 Ranged Weapons
 - Level 1.0 Armour
 - Level 1.5 Dodging
 - Level 1.0 Spellcasting
 - Level 2.6 Hexes


You had 5 spell levels left.
You knew the following spells:

 Your Spells              Type           Power      Damage    Failure   Level
a - Slow                  Hex            32%        N/A       21%         1

Your spell library contained the following spells:

 Spells                   Type           Power      Damage    Failure   Level
 Inner Flame              Hex/Fire       4%         N/A       71%         3
 Portal Projectile        Hex/Tloc       8%         N/A       71%         3
 Cause Fear               Hex            4%         N/A       90%         4

Inventory:

Hand Weapons
 Y - a +1 sling (weapon)
Armour
 g - a +0 ring mail (worn)
 i - a +0 pair of boots (worn)
Jewellery
 b - an amulet of magic regeneration
 h - a +4 ring of protection (left hand)
Scrolls
 a - a scroll of identify
Potions
 c - a potion of cancellation {unknown}
 d - 3 potions of curing {unknown}
 e - a potion of enlightenment {unknown}
 f - a potion of attraction {unknown}
 j - a potion of magic {unknown}

Dungeon Overview and Level Annotations

Branches:
Dungeon (3/15)

Altars:

Shops:
D:1 [

Annotations:
D:3 Robin


Message History

The sling bullet barely misses the goblin.
The goblin no longer looks unusually strong.
The goblin misses you.
The goblin hits you but does no damage. x3
The goblin closely misses you.
You shoot a sling bullet.
The sling bullet barely misses the goblin.
The goblin hits you with a +0 club. The goblin hits you but does no damage.
The goblin barely misses you.
Robin says, "Bow before me, strongest of all the hobgoblins!"
Robin roars a battlecry!
The goblin goes into a battle-frenzy!
The goblin hits you but does no damage. x3; The goblin misses you.
The goblin hits you but does no damage. x2; The goblin barely misses you.
You shoot a sling bullet.
The sling bullet completely misses the goblin.
The goblin no longer looks unusually strong.
The goblin hits you but does no damage. x4; The goblin hits you with a +0 club.
You shoot a sling bullet.
The sling bullet barely misses the goblin.
The goblin no longer looks unusually strong. x2
The goblin closely misses you. The goblin misses you.
The goblin barely misses you. The goblin hits you but does no damage.
The goblin closely misses you.
Robin roars a battlecry!
The goblins go into a battle-frenzy!
You shoot a sling bullet.
The sling bullet closely misses the goblin.
The goblin no longer looks unusually strong.
The goblin closely misses you.
The goblin hits you but does no damage. x2
The goblin closely misses you. The goblin hits you but does no damage.
The goblin closely misses you.
The goblin hits you but does no damage. x3
The goblin closely misses you.
You shoot a sling bullet.
The sling bullet closely misses the goblin.
The goblin no longer looks unusually strong.
The hobgoblin no longer looks unusually strong.
The goblin barely misses you. The goblin completely misses you.
The goblin hits you with a +0 club. The goblin hits you but does no damage.
The goblin hits you with a +0 club.
You die... 7......7 ########.# .# 7......7 #.# .# 7##..##7 #.# .# #..# #.# 7777

#.# ####### #.#
#...##.#########
##...# #gggg.....
#....# ##@ggg....
#######.#####g#####.##
#........###.##
#.........#.##
###.......##.##
..%.....[.####
###.......#
.............
###.......###


You could see Robin, a hobgoblin and 6 goblins.

Vanquished Creatures
  An iguana (D:3)
  4 adders
  A gnoll (D:1)
  2 worms (D:2)
  An orc (D:3)
  3 endoplasms (D:1)
  3 giant cockroaches
  9 goblins
  4 hobgoblins
  3 quokkas
  6 ball pythons
  7 bats
  A frilled lizard (D:1)
  5 kobolds
  6 rats
56 creatures vanquished.

Notes
Turn   | Place    | Note
-------+----------+-------------------------------------------
     0 | D:1      | qw the Gargoyle Hexslinger began the quest for the Orb.
     0 | D:1      | Reached XP level 1. HP: 12/12 MP: 2/2
     0 | D:1      | 0 ||| qw: Version: 0.3-a-32-g5962c71
     0 | D:1      | 0 ||| qw: Game counter: 7689
     0 | D:1      | 0 ||| qw: Melee chars always use a shield: true
     0 | D:1      | 0 ||| qw: God list: Okawaru
     0 | D:1      | 0 ||| qw: Allow faded altars: false
     0 | D:1      | 0 ||| qw: Do Orc after clearing Dungeon:15 true
     0 | D:1      | 0 ||| qw: Do second Lair branch before Depths: true
     0 | D:1      | 0 ||| qw: Lair rune preference: random
     0 | D:1      | 0 ||| qw: Goals: Normal
     0 | D:1      | 0 ||| PLANNING D:1-11
   206 | D:1      | Reached XP level 2. HP: 16/16 MP: 3/3
   464 | D:1      | Reached skill level 3 in Ranged Weapons
   652 | D:1      | Reached XP level 3. HP: 17/21 MP: 4/4
   917 | D:1      | Found Beigahat's Armour Emporium.
   922 | D:1      | 922 ||| BUYING +0 pair of boots (49 gold).
   922 | D:1      | Bought a +0 pair of boots for 49 gold pieces
   967 | D:1      | 967 ||| UPGRADING to +0 leather armour.
   977 | D:1      | 977 ||| DROPPING +0 robe.
   978 | D:1      | 978 ||| UPGRADING to +0 ring mail.
   988 | D:1      | 988 ||| DROPPING +0 leather armour.
   989 | D:1      | 989 ||| UPGRADING to +0 pair of boots.
   994 | D:1      | 994 ||| UPGRADING to +4 ring of protection.
   995 | D:1      | 995 ||| DROPPING scroll of poison.
  1096 | D:2      | Reached skill level 1 in Armour
  1376 | D:2      | Reached XP level 4. HP: 26/26 MP: 5/5
  1706 | D:2      | 1706 ||| READING 2 scrolls labelled WUUHUL WOJO.
  1707 | D:2      | 1707 ||| READING scroll labelled SUOSHASYIG.
  1747 | D:3      | HP: 5/26 [iguana (9)]
  1752 | D:3      | Reached skill level 4 in Ranged Weapons
  2006 | D:3      | Reached XP level 5. HP: 30/30 MP: 6/6
  2146 | D:3      | Noticed Robin
  2157 | D:3      | HP: 4/30 [goblin/+0 club[Robin] (4)]
  2161 | D:3      | HP: 1/30 [goblin/+0 club[Robin] (2)]
  2164 | D:3      | Slain by a goblin

Levels and vault maps discovered:
D:1:      giann_horns, layout_loops_corners, serial_shops, shop
D:2:      layout_basic
D:3:      layout_loops_ring, amcnicky_altar_gilded, kennysheep_generic_room_5,
          uniq_robin

Skill      XL: |  1  2  3  4 |
---------------+-------------+-----
Ranged Weapons | 3 4 |  4.7
Fighting       | 2 |  2.1
Armour         | 1 |  1.0
Dodging        | |  1.5
Spellcasting   | |  1.0
Hexes          | |  2.6

Action                     |  1- 3 |  4- 6 || total
---------------------------+-------+-------++-------
   Fire: Sling             |   147 |    90 ||   237
    Use: Scroll            |       |     2 ||     2
 Armour: Robe              |    16 |       ||    16
         Ring mail         |     9 |    77 ||    86
  Dodge: Dodged            |    45 |    66 ||   111

Table legend:
 A = Non-vault XP
 B = Vault XP
 C = Vault XP percentage of total XP
 D = Non-vault monster count
 E = Vault monster count
 F = Vault count percentage of total count
                 A         B        C        D         E       F
            +---------+---------+-------+---------+---------+-------
      Total |     182 |       6 |   3.2 |      53 |       3 |   5.4
            +---------+---------+-------+---------+---------+-------
        D:1 |      46 |       0 |   0.0 |      23 |       0 |   0.0
        D:2 |      43 |       0 |   0.0 |      16 |       0 |   0.0
        D:3 |      93 |       6 |   6.1 |      14 |       3 |  17.6
            +---------+---------+-------+---------+---------+-------
